 Dungeon Crawl Stone Soup version 0.29-a0-813-g4a14ea37d6 (webtiles) character file.

Game seed: 16142904054743159103

412692 Zonian the Warmonger (level 22, -1/175 HPs)
             Began as a Demonspawn Ice Elementalist on July 3, 2022.
             Was a High Priest of Okawaru.
             Slain by a vault guard
             ... wielding a +0 glaive
              (5 damage)
             ... on level 5 of the Vaults on July 4, 2022.
             The game lasted 04:43:10 (65144 turns).

Zonian the Warmonger (Demonspawn Ice Elementalist) Turns: 65144, Time: 04:43:10

Health: -1/175     AC: 31    Str: 15    XL:     22   Next: 49%
Magic:  0/47       EV: 19    Int: 27    God:    Okawaru [*****.]
Gold:   3331       SH: 15    Dex: 28    Spells: 2/45 levels left

rFire   . . .      SeeInvis .   t - +11 rapier of the Omega Point {protect, *Rage Int+4 Stlth+}
rCold   . . .      Faith    .   G - +3 warlock's mirror {reflect}
rNeg    + + .      Spirit   +   V - +3 ring mail of the Unseen Realm {rPois rN++ Str+4}
rPois   +          Reflect  +   (helmet unavailable)
rElec   +          Harm     .   u - +1 cloak of the Planets {rElec rPois}
rCorr   .          Rampage  +   a - +0 pair of gloves of Boredom {Int+3 Dex+9}
Will    +....      Rage     20% x - +2 pair of boots {rampage}
Stlth   ++........              p - amulet of reflection
HPRegen 0.39/turn               c - ring of magical power
MPRegen 0.60/turn               g - +4 ring of protection

@: mighty, marked, under a protective aura, on berserk cooldown, hasted and
slowed, glowing, silenced
A: horns 3, slimy green scales 3, powered by death 3, magic shield, magic
regeneration, magic link, black mark, bedeviling
}: 2/15 runes: decaying, gossamer
a: Renounce Religion


You were on level 5 of the Vaults.
You worshipped Okawaru.
Okawaru was extremely pleased with you.
You visited 7 branches of the dungeon, and saw 39 of its levels.
You visited the Abyss 1 time.
You also visited: Sewer, Bailey and Ice Cave.

You collected 5106 gold pieces.
You spent 1775 gold pieces at shops.

Inventory:

Hand Weapons
 d - a +6 quick blade of freezing
 j - a +1 sling of freezing
 s - a +8 short sword of venom
 t - the +11 rapier of the Omega Point (weapon) {protect, *Rage Int+4 Stlth+}
   (You found it on level 12 of the Dungeon)

   It grants its wielder temporary protection when it strikes (+7 to AC).
   Int:       It affects your intelligence (+4).
   *Rage:     It berserks you when you make melee attacks (+20% chance).
   Stlth:     It makes you more stealthy.
 I - the +7 double sword "Xesuir" {flame, Fly Int+2}
   (Okawaru gifted it to you on level 14 of the Dungeon)

   It burns those it strikes, dealing additional fire damage.
   Big, fiery blades are also staple armaments of hydra-hunters.
   Int:       It affects your intelligence (+2).
   Fly:       It grants you flight.
Missiles
 r - 16 curare-tipped darts
Armour
 a - the +0 pair of gloves of Boredom (worn) {Int+3 Dex+9}
   (You found it on level 1 of the Orcish Mines)

   Int:       It affects your intelligence (+3).
   Dex:       It affects your dexterity (+9).
 m - the +1 pair of boots of Asuoliwn {Harm Drain +Blink rElec}
   (You found it on level 5 of the Lair of Beasts)

   rElec:     It insulates you from electricity.
   +Blink:    It lets you blink.
   Drain:     It drains your maximum health when unequipped.
   Harm:      It increases damage dealt and taken.
 u - the +1 cloak of the Planets (worn) {rElec rPois}
   (Okawaru gifted it to you on level 4 of the Swamp)

   rElec:     It insulates you from electricity.
   rPois:     It protects you from poison.
 x - a +2 pair of boots of rampaging (worn)
 G - the +3 warlock's mirror (worn) {reflect}
   (Okawaru gifted it to you on level 2 of the Swamp)

   It can block and reflect piercing ranged attacks and magical attacks against
   the wielder's willpower.
 H - the +2 pair of gloves of Oxeys {Fly Int+4}
   (Okawaru gifted it to you on level 6 of the Lair of Beasts)

   Int:       It affects your intelligence (+4).
   Fly:       It grants you flight.
 O - an orb of light
 V - the +3 ring mail of the Unseen Realm (worn) {rPois rN++ Str+4}
   (Okawaru gifted it to you on level 3 of the Lair of Beasts)

   Str:       It affects your strength (+4).
   rPois:     It protects you from poison.
   rN:        It greatly protects you from negative energy.
Jewellery
 c - a ring of magical power (left hand)
 f - a ring of ice
 g - a +4 ring of protection (right hand)
 l - a ring of resist corrosion
 p - an amulet of reflection (around neck)
Wands
 e - a wand of acid (9)
 w - a wand of digging (20)
 C - a wand of mindburst (8)
 E - a wand of flame (105)
 U - a wand of roots (20)
Scrolls
 i - 3 scrolls of poison
 q - 6 scrolls of fog
 v - 5 scrolls of teleportation
 y - a scroll of magic mapping
 z - a scroll of brand weapon
 L - a scroll of silence
 W - 5 scrolls of blinking
 Z - 6 scrolls of fear
Potions
 b - 2 potions of magic
 h - 5 potions of heal wounds
 n - 2 potions of might
 D - 5 potions of brilliance
 F - 5 potions of berserk rage
 J - 3 potions of invisibility
 K - 20 potions of curing
 M - 4 potions of resistance
 Q - a potion of cancellation
 R - 3 potions of haste
 T - 8 potions of flight
 X - 12 potions of ambrosia
Miscellaneous
 k - a tin of tremorstones (2/2)
 o - a phantom mirror
 B - a lightning rod (4/4)
 P - a condenser vane


   Skills:
 - Level 15.0 Fighting
 - Level 14.0 Short Blades
 - Level 12.6 Ranged Weapons
 - Level 6.0 Armour
 - Level 10.0 Dodging
 - Level 5.0 Stealth
 - Level 4.0 Shields
 + Level 12.1 Spellcasting
 - Level 10.0 Conjurations
 - Level 10.0 Necromancy
 - Level 7.5 Translocations
 - Level 10.0 Ice Magic
 - Level 10.0 Air Magic
 - Level 10.0 Earth Magic
 + Level 1.7 Poison Magic
 - Level 16.1 Invocations
 - Level 15.3 Evocations


You had 2 spell levels left.
You knew the following spells:

 Your Spells              Type           Power      Damage    Failure   Level
a - Freeze                Ice            100%       1d11      1%          1
b - Frozen Ramparts       Ice            100%       1d12      1%          3
c - Ozocubu's Armour      Ice            63%        N/A       1%          3
d - Hailstorm             Conj/Ice       63%        3d13      1%          4
e - Stone Arrow           Conj/Erth      100%       3d13      1%          3
f - Static Discharge      Conj/Air       63%        3-11/arc  1%          2
g - Dazzling Flash        Conj/Hex       100%       N/A       3%          3
h - Iskenderun's Mystic   Conj/Tloc      59%        2d12      2%          4
i - Airstrike             Air            31%        0-10+     1%          4
j - Mephitic Cloud        Conj/Pois/Air  53%        N/A       1%          3
k - Swiftness             Air            63%        N/A       1%          3
l - Borgnjor's Vile Clut  Necr/Erth      31%        N/A       3%          5
m - Lee's Rapid Deconstr  Erth           31%        3d17*     3%          5

Your spell library contained the following spells:

 Spells                   Type           Power      Damage    Failure   Level
 Magic Dart               Conj           100%       1d8       1%          1
 Shock                    Conj/Air       100%       1d9       1%          1
 Ensorcelled Hibernation  Hex/Ice        100%       N/A       1%          2
 Passwall                 Tmut/Erth      35%        N/A       1%          2
 Searing Ray              Conj           100%       2d8       1%          2
 Beastly Appendage        Tmut           32%        N/A       9%          1
 Wereblood                Tmut           16%        N/A       12%         2
 Freezing Cloud           Conj/Ice/Air   31%        6-21      3%          5
 Lightning Bolt           Conj/Air       31%        1d48      3%          5
 Portal Projectile        Hex/Tloc       100%       N/A       5%          3
 Anguish                  Hex/Necr       30%        N/A       11%         4
 Fulminant Prism          Conj/Hex       30%        3d16      11%         4
 Ice Form                 Ice/Tmut       43%        N/A       11%         4
 Leda's Liquefaction      Hex/Erth       30%        N/A       11%         4
 Petrify                  Tmut/Erth      43%        N/A       11%         4
 Spider Form              Tmut/Pois      20%        N/A       17%         3
 Ignite Poison            Fire/Tmut/Pois 19%        N/A       19%         3
 Inner Flame              Hex/Fire       24%        N/A       24%         3
 Fireball                 Conj/Fire      21%        3d10      28%         5
 Cause Fear               Hex            12%        N/A       63%         4
 Orb of Destruction       Conj           31%        9d10      73%         7
 Ozocubu's Refrigeration  Ice            31%        4d11      75%         7
 Alistair's Intoxication  Tmut/Pois      13%        N/A       85%         5
 Starburst                Conj/Fire      21%        6d7       85%         6
 Statue Form              Tmut/Erth      28%        N/A       85%         6
 Eringya's Noxious Bog    Tmut/Pois      10%        N/A       100%        6
 Discord                  Hex            12%        N/A       100%        8
 Ignition                 Fire           8%         3d5       100%        8
 Lehudib's Crystal Spear  Conj/Erth      31%        10d8      100%        8
 Maxwell's Capacitive Co  Air            31%        ∞         100%        8
 Necromutation            Tmut/Necr      21%        N/A       100%        8
 Chain Lightning          Conj/Air       31%        3d42      100%        9
 Call Canine Familiar     Summ           Unusable   N/A       N/A         3
 Summon Guardian Golem    Hex/Summ       Unusable   N/A       N/A         3
 Summon Forest            Summ/Tloc      Unusable   N/A       N/A         5
 Spellforged Servitor     Conj/Summ      Unusable   N/A       N/A         7

Dungeon Overview and Level Annotations

Branches:
Dungeon (15/15)            Temple (0/1) D:6            Lair (6/6) D:8
  Swamp (4/4) Lair:3       Spider (4/4) Lair:4        Slime (0/5) Lair:6
    Orc (2/2) D:10            Elf (3/3) Orc:2        Vaults (5/5) D:14
  Crypt (0/3) Vaults:2     Depths (0/4) D:15          Sewer (visited)
 Bailey (visited)           IceCv (visited)

Altars:
Makhleb
Okawaru
Wu Jian
Jiyva

Shops:
D:5 (   D:6 *   Orc:2 ??*?:   Elf:1 !   Elf:3 =![   Vaults:1 [   Vaults:5 (

Annotations:
Lair:5 1 runed translucent door, Usoal Hoge's ghost, journeyman DjIE
Lair:6 exclusion: 3 oklob plants
Swamp:1 3 runed translucent doors, purpskrrrp's ghost, journeyman HODe
Swamp:2 2 transporters, quinnr's ghost, adept TeAE
Elf:2 3 runed translucent doors
Vaults:2 2 transporters
Vaults:5 Frederick; Mennas


Innate Abilities, Weirdness & Mutations

You have a pair of large horns on your head.
You are completely covered in slimy green scales. (AC +4, rPois)
You regenerate a lot of health from kills.
When hurt, damage is shared between your health and your magic reserves.
You regenerate magic rapidly.
When low on magic, you restore magic in place of health.
Your melee attacks may debilitate your foes.
Your hexes are more powerful.


Message History

Aim: Mennas, wielding a +5 sacred scourge of holy wrath, wearing a +0 leather armour and wearing a +0 tower shield (silenced, radiating silence, haloed, chance to affect: 4%)
Okay, then.
You feel much better.
The dream sheep changes into a deep troll!
The green very ugly thing bites you but does no damage.
A polar bear comes into view.
Mennas hits you with a +5 sacred scourge of holy wrath.
* * * LOW HITPOINT WARNING * * *
You convulse.
* * * LOW HITPOINT WARNING * * *
Mennas hits you with a +5 sacred scourge of holy wrath.
* * * LOW HITPOINT WARNING * * *
You convulse.
* * * LOW HITPOINT WARNING * * *
The storm dragon bites you but does no damage.
The storm dragon barely misses you. You block the storm dragon's attack.
The vault guard hits you from afar with a +0 glaive.
* * * LOW HITPOINT WARNING * * *
The vault warden hits you with a +1 vorpal war axe.
* * * LOW HITPOINT WARNING * * *
x2 The tengu reaver hits you from afar with a +0 halberd!
* * * LOW HITPOINT WARNING * * *
Magic courses through your body.
Mennas hits you with a +5 sacred scourge of holy wrath!
* * * LOW HITPOINT WARNING * * *
You convulse.
* * * LOW HITPOINT WARNING * * *
Mennas hits you but does no damage.
You block the green very ugly thing's attack.
The storm dragon bites you.
* * * LOW HITPOINT WARNING * * *
The storm dragon closely misses you. You block the storm dragon's attack.
Mennas hits you but does no damage.
Mennas hits you with a +5 sacred scourge of holy wrath!
* * * LOW HITPOINT WARNING * * *
You convulse!
* * * LOW HITPOINT WARNING * * *
The ironbound preserver barely misses you.
The vault guard hits you from afar with a +0 glaive!
You die...

..#..#...)#)...#.....##...##..##.
..#..#....#)[..#..##.......##...[
.....#....#))..#...##############
.....#.....T..[..................
#########........################
,,,.........<<...........,,,,,,,,
,,,.......)<..<.p........,,,,,,,,
,,,.........<<.u.........,,,,,,,,
,,,..........pLp@p.......,,,,,,,,
***######.....pDA################
,,*****#....p..Q@c...#,,,...#....
,,,,,*#.(.#....#.......,,........
,,,,.....##....#.......,,,.......
*,,,.$..#*#....#.....#.,,,,,#....
*,,.....**#....##h..##*,,,,*##..)
**,.....,*#c...#,....#,,,,,,#....
,*,,..,,,*#....#,......,,,,,#.)..


You could see Frederick, Mennas (silencing), an ironbound preserver, a dread
lich, a storm dragon (unsilenced, catching breath), a green very ugly thing, a
vault warden, a tengu reaver, a yaktaur captain, 4 vault guards, a deep troll
shaped shifter, a polar bear (unsilenced) and a yaktaur.

Vanquished Creatures
  2 dread liches (Vaults:5)
  Mara (Elf:3)
  2 golden dragons (Vaults:5)
  2 bone dragons
  Rupert (Lair:4)
  Jorgrun (Arena)
  2 tentacled monstrosities (Vaults:5)
  A lich (Vaults:5)
  2 titans (Vaults:5)
  2 deep elf blademasters (Elf:3)
  A quicksilver dragon (Vaults:5)
  2 deep elf master archers (Elf:3)
  Frances (Swamp:2)
  A sphinx (Vaults:1)
  A tentacled starspawn (Abyss:2)
  2 storm dragons (Vaults:5)
  Gastronok (D:8)
  5 shadow dragons (Vaults:5)
  Roxanne (Elf:2)
  4 tengu reavers
  A revenant (Abyss:2)
  The ghost of Jais Joink the Severer, an adept FoFi of Okawaru (D:15)
  2 fenstrider witches
  A daeva (Abyss:2)
  7 deep elf sorcerers
  A frost giant (Vaults:5)
  3 emperor scorpions
  11 vault wardens
  An iron dragon (Vaults:5)
  3 fire giants
  Aizul (Spider:3)
  2 orc warlords
  5 ghost moths
  8 deep elf elementalists (Elf:3)
  A ghoul (Vaults:2)
  A reaper (IceCv)
  4 war gargoyles
  7 very ugly things
  18 ironbound preservers
  5 stone giants
  3 ironbound thunderhulks (Vaults:3)
  4 eleionomae (Swamp:3)
  8 deep elf demonologists
  12 dire elephants
  8 deep elf annihilators
  8 entropy weavers
  The ghost of Dootley the Carver, a journeyman FoFi of Dithmenos (Orc:1)
  2 spark wasps (Spider:4)
  7 deep elf death magi
  A crystal guardian (Vaults:2)
  5 ettins
  2 jiangshi (Vaults:2)
  6 deep elf high priests
  14 yaktaur captains
  9 great orbs of eyes
  A rakshasa (D:15)
  11 boulder beetles
  17 hydras
  A boulder beetle (shapeshifter) (Vaults:5)
  6 ironbound frosthearts
  21 vault guards
  3 peacekeepers
  A spriggan air mage (Swamp:4)
  2 ghost crabs
  7 ogre magi
  9 centaur warriors
  A radroach (shapeshifter) (Vaults:5)
  2 jorogumos
  6 catoblepae
  A radroach (Spider:1)
  27 two-headed ogres
  12 alligators
  8 death yaks
  A deep troll earth mage (Vaults:5)
  A tengu warrior (D:14)
  An orc high priest (Elf:1)
  10 dancing weapons
  A thrashing horror (Abyss:2)
  9 spriggans
  Sonja (Lair:1)
  24 deep elf knights
  A fire crab (Lair:6)
  A hell knight (Vaults:5)
  A death drake (Swamp:4)
  6 spriggan druids
  6 pharaoh ants
  A skeletal warrior (Vaults:2)
  7 goliath frogs
  A sun moth (Spider:1)
  35 deep trolls
  A flayed ghost (Vaults:5)
  3 steelbarb worms
  5 bog bodies
  A large abomination (Abyss:2)
  3 orb spiders
  5 phantasmal warriors
  17 ironbound convokers
  3 swamp dragons
  19 deep elf archers
  2 spectral hydras (Swamp:4)
  A necromancer (Vaults:3)
  9 lindwurms
  8 wizards
  5 harpies (Vaults:3)
  4 orc knights
  32 deep elf pyromancers
  7 cyclopes
  14 wolf spiders
  39 ugly things
  9 will-o-the-wisps
  33 deep elf zephyrmancers
  4 moths of wrath
  2 orc sorcerers (Orc:2)
  7 manticores
  52 slime creatures
  An ice statue (IceCv)
  A black mamba (shapeshifter) (Abyss:2)
  10 elephants
  10 black mambas
  A water nymph (shapeshifter) (Vaults:1)
  4 torpor snails
  23 cane toads
  A gargoyle (D:12)
  20 vault sentinels
  A molten gargoyle (D:14)
  4 rime drakes
  12 komodo dragons
  48 yaktaurs
  3 kobold demonologists
  7 demonic crawlers
  An unseen horror (D:12)
  Psyche (D:11)
  2 swamp worm zombies (Swamp:4)
  An anaconda simulacrum (IceCv)
  A freezing wraith (Vaults:5)
  2 ice devils (D:12)
  5 hydra zombies (Swamp:4)
  A polar bear (shapeshifter) (D:13)
  A queen bee (Lair:5)
  8 tyrant leeches
  3 ancient zymes (Abyss:2)
  3 bloated husks (Swamp:4)
  6 meliai
  A harpy skeleton (Abyss:2)
  4 polar bears (Lair:6)
  5 trolls
  7 hornets
  19 blink frogs
  3 alligator zombies (Swamp:4)
  4 dream sheep (Lair:6)
  21 tarantellas
  4 spectral swamp dragons (Swamp:4)
  35 jumping spiders
  2 shadows
  26 culicivoras
  A water elemental (Elf:2)
  6 air elementals
  88 yaks
  2 vampires (D:10)
  A ynoxinul (Abyss:2)
  6 wraiths
  Grum (D:8)
  2 wyverns (Lair:5)
  2 fire elementals
  11 basilisks
  A hog (shapeshifter) (Elf:3)
  67 redbacks
  10 vampire mosquitoes
  3 death yak simulacra (IceCv)
  A harpy simulacrum (IceCv)
  4 acid dragons
  4 small abominations (Abyss:2)
  19 water moccasins
  17 swamp worms
  12 wargs
  A naga (shapeshifter) (Elf:1)
  A glowing shapeshifter skeleton (Vaults:3)
  A floating eye (shapeshifter) (Vaults:5)
  24 orc warriors
  2 human skeletons (Vaults:3)
  4 ice beasts
  2 ogres (shapeshifter)
  2 swamp dragon zombies (Swamp:4)
  4 black bears
  28 ogres
  4 boggarts (Vaults:1)
  9 wolves
  7 centaurs
  7 phantoms (Swamp:4)
  6 kobold brigands
  19 bullfrogs
  A necrophage (D:8)
  8 earth elementals
  A gnoll sergeant (D:8)
  6 two-headed ogre simulacra (IceCv)
  3 scorpions
  4 cane toad simulacra (IceCv)
  8 wights
  2 elephant simulacra (IceCv)
  38 killer bees
  4 electric eels
  6 howler monkeys
  A quasit (Abyss:2)
  An iron imp (Abyss:2)
  4 hounds
  3 jellies
  12 orc priests
  A jelly (shapeshifter) (Vaults:5)
  3 iguanas
  2 lightning spires (Swamp:3)
  A spectral swamp drake (Swamp:4)
  5 hell rats (Lair:3)
  2 polar bear simulacra (IceCv)
  4 troll simulacra (IceCv)
  20 orc wizards
  4 wolf simulacra (IceCv)
  3 spriggan simulacra (IceCv)
  2 centaur simulacra
  10 gnolls
  A swamp drake zombie (Swamp:4)
  7 adders
  5 naga simulacra (IceCv)
  A river rat (D:5)
  2 shadow imps (D:7)
  9 white imps
  5 ufetubi (IceCv)
  A dart slug (D:1)
  62 orcs
  21 ball pythons
  7 endoplasms
  14 giant cockroaches
  16 goblins
  11 hobgoblins
  14 jackals
  24 kobolds
  14 quokkas
  7 bats
  11 frilled lizards
  9 rats
1827 creatures vanquished.

Vanquished Creatures (others)
  A ghost crab (Swamp:4)
  A deep elf knight (Elf:2)
  A wizard (Vaults:4)
  A deep elf archer (Elf:1)
  A deep elf pyromancer (Elf:3)
  A deep elf zephyrmancer (Elf:1)
  A bloated husk (Swamp:2)
  2 water elementals
  A phantom (Swamp:4)
  An orc (Vaults:5)
  2 ball lightnings (Swamp:3)
  A bush (Lair:6)
  25 foxfires
  33 fungi
  84 plants
  2 starspawn tentacles (Abyss:2)
158 creatures vanquished.

Grand Total: 1985 creatures vanquished

Notes
Turn   | Place    | Note
-------+----------+-------------------------------------------
     0 | D:1      | Zonian the Demonspawn Ice Elementalist began the quest for
                  | the Orb.
     0 | D:1      | Reached XP level 1. HP: 13/13 MP: 3/3
   412 | D:1      | Gained mutation: You regenerate a little health from kills.
                  | [demonic ancestry]
   412 | D:1      | Reached XP level 2. HP: 13/19 MP: 3/5
  1678 | D:1      | Reached XP level 3. HP: 24/24 MP: 6/6
  3464 | D:2      | Gained mutation: You are partially covered in slimy green
                  | scales. (AC +2) [demonic ancestry]
  3464 | D:2      | Reached XP level 4. HP: 30/30 MP: 3/8
  4761 | D:3      | Found an iron altar of Okawaru.
  4770 | D:3      | Became a worshipper of Warmaster Okawaru
  4803 | D:3      | Found a faded altar of an unknown god.
  4866 | D:3      | Learned a level 3 spell: Frozen Ramparts
  4870 | D:3      | Learned a level 3 spell: Ozocubu's Armour
  5070 | D:4      | Gained mutation: You regenerate magic rapidly. [demonic
                  | ancestry]
  5070 | D:4      | Reached XP level 5. HP: 31/35 MP: 6/10
  5071 | D:4      | Reached skill level 1 in Invocations
  5253 | D:4      | Reached skill level 5 in Ice Magic
  5253 | D:4      | Reached skill level 2 in Invocations
  5483 | D:4      | Reached XP level 6. HP: 37/41 MP: 10/12
  5591 | D:4      | Reached skill level 3 in Invocations
  6031 | D:5      | Entered Level 5 of the Dungeon
  6291 | D:5      | Noticed a water moccasin
  6313 | D:5      | Killed a water moccasin
  6313 | D:5      | Reached * piety under Okawaru
  6314 | D:5      | Reached skill level 4 in Invocations
  6314 | D:5      | Gained mutation: When hurt, damage is shared between your
                  | health and your magic reserves. [demonic ancestry]
  6314 | D:5      | Reached XP level 7. HP: 22/46 MP: 9/14
  6398 | D:5      | Found Dogumm's Weapon Shop.
  6409 | D:5      | Reached skill level 5 in Spellcasting
  6409 | D:5      | Reached skill level 5 in Invocations
  6592 | D:5      | Found a glowing drain.
  6596 | Sewer    | Entered a sewer
  6973 | Sewer    | Reached skill level 1 in Short Blades
  8091 | D:6      | Found Tuepn's General Store.
  8099 | D:6      | Bought a scroll of identify for 22 gold pieces
  8183 | D:6      | You fall into a shaft and drop 3 floors!
  8203 | D:8      | Noticed a death yak
  8203 | D:8      | Noticed a seven-headed hydra
  8215 | D:9      | Reached skill level 6 in Invocations
  8215 | D:9      | Reached XP level 8. HP: 36/52 MP: 8/15
  8446 | D:9      | Noticed a two-headed ogre
  8943 | D:6      | Reached ** piety under Okawaru
  8944 | D:6      | Reached skill level 7 in Invocations
  9026 | D:6      | Found a staircase to the Ecumenical Temple.
  9580 | D:7      | Reached skill level 8 in Invocations
 10250 | D:7      | Reached *** piety under Okawaru
 10251 | D:7      | Reached skill level 9 in Invocations
 10325 | D:7      | Reached skill level 5 in Short Blades
 10325 | D:7      | Gained mutation: You are mostly covered in slimy green
                  | scales. (AC +3) [demonic ancestry]
 10325 | D:7      | Reached XP level 9. HP: 57/57 MP: 16/16
 11542 | D:8      | Noticed a two-headed ogre
 11557 | D:8      | Noticed Gastronok
 11704 | D:7      | Paralysed by a hornet for 2 turns
 11707 | D:7      | Reached skill level 10 in Invocations
 13312 | D:8      | Noticed Grum
 13328 | D:8      | Reached skill level 11 in Invocations
 13328 | D:8      | Killed Grum
 13328 | D:8      | Reached **** piety under Okawaru
 13479 | D:8      | Killed a seven-headed hydra
 13480 | D:8      | Reached skill level 12 in Invocations
 13480 | D:8      | Reached XP level 10. HP: 34/63 MP: 5/19
 13697 | D:8      | Found a staircase to the Lair.
 13833 | D:8      | Learned a level 4 spell: Hailstorm
 14032 | Lair:1   | Entered Level 1 of the Lair of Beasts
 14311 | Lair:1   | Reached ***** piety under Okawaru
 14337 | Lair:1   | Reached skill level 13 in Invocations
 14609 | Lair:1   | Received a gift from Okawaru
 14783 | Lair:1   | Noticed a four-headed hydra
 14878 | Lair:1   | Noticed Sonja
 14909 | Lair:1   | Killed Sonja
 15097 | Lair:1   | Reached skill level 14 in Invocations
 15155 | Lair:1   | Noticed a cane toad
 15180 | Lair:1   | Gained mutation: You are completely covered in slimy green
                  | scales. (AC +4, rPois) [demonic ancestry]
 15180 | Lair:1   | Reached XP level 11. HP: 50/68 MP: 21/21
 15415 | Lair:1   | Killed a four-headed hydra
 15416 | Lair:1   | Reached skill level 10 in Short Blades
 15687 | Lair:1   | Reached skill level 15 in Invocations
 16737 | Lair:2   | Reached skill level 16 in Invocations
 17519 | D:8      | Noticed a death yak
 17585 | D:6      | Bought a +2 pair of gloves for 181 gold pieces
 17598 | D:6      | Upgraded the game from 0.29-a0-789-g7a8fcbc185 to
                  | 0.29-a0-802-g34511f41fd
 17669 | D:8      | Noticed a death yak
 18482 | Lair:3   | Received a gift from Okawaru
 18530 | Lair:3   | Found an ornate altar of the Wu Jian Council.
 18543 | Lair:3   | Got the Incunabulum of the Mountains
 18843 | Lair:3   | Reached skill level 1 in Shields
 18862 | Lair:3   | Gained mutation: You have a pair of small horns on your
                  | head. [demonic ancestry]
 18862 | Lair:3   | Reached XP level 12. HP: 74/74 MP: 24/24
 19525 | Lair:3   | Received a gift from Okawaru
 19606 | Lair:3   | Found a staircase to the Swamp.
 19799 | Lair:3   | Reached skill level 1 in Fighting
 20134 | Lair:3   | Noticed an eight-headed hydra
 20134 | Lair:3   | Noticed a seven-headed hydra
 20137 | Lair:3   | Killed an eight-headed hydra
 20157 | Lair:3   | Killed a seven-headed hydra
 20157 | Lair:3   | Reached ****** piety under Okawaru
 20158 | Lair:3   | Reached skill level 5 in Fighting
 20168 | Lair:3   | Identified the +3 ring mail of the Unseen Realm {rPois rN++
                  | Str+4} (Okawaru gifted it to you on level 3 of the Lair of
                  | Beasts)
 20168 | Lair:3   | Received a gift from Okawaru
 20171 | Lair:3   | Reached skill level 1 in Conjurations
 20619 | Lair:4   | Found a hole to the Spider Nest.
 20990 | Lair:4   | Noticed Rupert
 21378 | Lair:4   | Killed Rupert
 21379 | Lair:4   | Reached skill level 5 in Conjurations
 21425 | Lair:4   | Learned a level 3 spell: Stone Arrow
 21574 | Lair:4   | Reached XP level 13. HP: 93/93 MP: 25/25
 23009 | Lair:5   | Identified the +2 hat "Pyud" {rN+ Will++ Regen+ Int+3}
                  | (Okawaru gifted it to you on level 5 of the Lair of Beasts)
 23009 | Lair:5   | Received a gift from Okawaru
 23357 | Lair:5   | Identified the +1 pair of boots of Asuoliwn {Harm Drain
                  | +Blink rElec}
 23367 | Lair:5   | Found a runed translucent door.
 23370 | Lair:5   | Noticed Usoal Hoge's ghost (journeyman DjIE)
 23371 | Lair:5   | Identified the +6 trident "Ugeadutt" {freeze, Will++ Int+2}
 23844 | Lair:6   | Entered Level 6 of the Lair of Beasts
 23855 | Lair:6   | Reached skill level 1 in Earth Magic
 23917 | Lair:5   | Learned a level 2 spell: Static Discharge
 24057 | Lair:6   | Reached skill level 1 in Air Magic
 24195 | Lair:6   | Found a viscous altar of Jiyva.
 24211 | Lair:6   | Found a staircase to the Slime Pits.
 24548 | Lair:6   | Reached XP level 14. HP: 99/100 MP: 26/26
 24556 | Lair:6   | Learned a level 3 spell: Dazzling Flash
 24574 | Lair:6   | Identified the +0 chain mail of the Hanged Man {rC+ Regen+}
                  | (Okawaru gifted it to you on level 6 of the Lair of Beasts)
 24574 | Lair:6   | Received a gift from Okawaru
 24889 | Arena    | Entered the Arena
 25102 | Arena    | Entered the Arena
 25164 | Lair:6   | Reached skill level 10 in Conjurations
 26139 | Lair:6   | Identified the +2 pair of gloves of Oxeys {Fly Int+4}
                  | (Okawaru gifted it to you on level 6 of the Lair of Beasts)
 26139 | Lair:6   | Received a gift from Okawaru
 26733 | D:8      | Killed Gastronok
 27024 | D:9      | Reached skill level 5 in Earth Magic
 27152 | D:9      | Learned a level 4 spell: Iskenderun's Mystic Blast
 27181 | D:9      | Reached skill level 5 in Air Magic
 27989 | D:10     | Entered Level 10 of the Dungeon
 28215 | D:10     | Reached skill level 1 in Translocations
 28294 | D:10     | Reached skill level 1 in Armour
 28314 | D:10     | Found a staircase to the Orcish Mines.
 28352 | D:10     | Found a flagged portal.
 28363 | Bailey   | Entered a bailey
 28998 | D:10     | Gained mutation: You have a pair of horns on your head.
                  | [demonic ancestry]
 28998 | D:10     | Reached XP level 15. HP: 82/105 MP: 27/28
 29514 | D:11     | Received a gift from Okawaru
 29515 | D:11     | Noticed Psyche
 29527 | D:11     | Killed Psyche
 29963 | D:11     | Reached skill level 10 in Ice Magic
 30106 | D:11     | Received a gift from Okawaru
 30299 | D:12     | Identified the +11 rapier of the Omega Point {protect,
                  | *Rage Int+4 Stlth+}
 30680 | D:12     | Found a frozen archway.
 30770 | IceCv    | Entered an ice cave
 32085 | Arena    | Entered the Arena
 32614 | D:13     | Identified the +1 hand axe "Tof Qodgh" {flame, rN+}
 32622 | D:13     | Identified the +0 rapier of Zoucisep {flame, *Noise rElec
                  | Dex+7} (Okawaru gifted it to you on level 13 of the
                  | Dungeon)
 32622 | D:13     | Received a gift from Okawaru
 32903 | D:14     | Reached skill level 5 in Translocations
 32910 | D:14     | Reached skill level 5 in Armour
 32925 | D:14     | Found a gate to the Vaults.
 33449 | D:14     | Identified the +7 double sword "Xesuir" {flame, Fly Int+2}
                  | (Okawaru gifted it to you on level 14 of the Dungeon)
 33449 | D:14     | Received a gift from Okawaru
 33655 | D:15     | Entered Level 15 of the Dungeon
 33668 | D:15     | Found a staircase to the Depths.
 33669 | D:15     | Noticed a fire giant
 33683 | D:15     | Killed a fire giant
 33757 | D:15     | Found a runed translucent door.
 33795 | D:15     | Noticed Jais Joink's ghost (adept FoFi)
 33836 | D:15     | Killed Jais Joink's ghost
 34092 | D:15     | Gained mutation: When low on magic, you restore magic in
                  | place of health. [demonic ancestry]
 34092 | D:15     | Reached XP level 16. HP: 111/111 MP: 24/29
 34390 | D:15     | Reached skill level 1 in Evocations
 34813 | Orc:1    | Entered Level 1 of the Orcish Mines
 34992 | Orc:2    | Entered Level 2 of the Orcish Mines
 35269 | Orc:2    | Found Zanumife's Magic Scroll Boutique.
 35269 | Orc:2    | Found Monoept's General Store.
 35280 | Orc:2    | Received a gift from Okawaru
 35281 | Orc:2    | Found Geetyoc's Magic Scroll Shoppe.
 35281 | Orc:2    | Found Hitinn's Magic Scroll Shop.
 35355 | Orc:2    | Bought a scroll of blinking for 120 gold pieces
 35355 | Orc:2    | Bought a scroll of fear for 56 gold pieces
 35356 | Orc:2    | Bought a potion of haste for 150 gold pieces
 35356 | Orc:2    | Bought a scroll of fog for 30 gold pieces
 35357 | Orc:2    | Bought a scroll of teleportation for 39 gold pieces
 35357 | Orc:2    | Bought a scroll of fog for 26 gold pieces
 35358 | Orc:2    | Bought a scroll of teleportation for 45 gold pieces
 35358 | Orc:2    | Bought a scroll of blinking for 112 gold pieces
 35358 | Orc:2    | Bought a scroll of teleportation for 45 gold pieces
 35406 | Orc:2    | Found Berr's Book Boutique.
 35411 | Orc:2    | Found a staircase to the Elven Halls.
 35457 | Orc:2    | Found a burning altar of Makhleb.
 35733 | Orc:1    | Noticed Dootley's ghost (journeyman FoFi)
 35744 | Orc:1    | Found a transporter.
 35760 | Orc:1    | Found a transporter.
 36108 | Orc:1    | Killed Dootley's ghost
 36116 | Orc:1    | Identified the +0 pair of gloves of Boredom {Int+3 Dex+9}
 36129 | Orc:1    | Identified the +3 mace of Righteous Anger {spect, MP+9}
 36582 | Spider:1 | Entered Level 1 of the Spider Nest
 36853 | Spider:1 | Reached skill level 5 in Evocations
 37181 | Spider:1 | Received a gift from Okawaru
 38786 | Spider:2 | Noticed Jorgrun
 39105 | Arena    | Entered the Arena
 39118 | Arena    | Killed Jorgrun
 39251 | Spider:2 | Gained mutation: You have a pair of large horns on your
                  | head. [demonic ancestry]
 39251 | Spider:2 | Reached XP level 17. HP: 115/126 MP: 26/30
 39592 | Spider:3 | Noticed Aizul
 39611 | Spider:3 | Killed Aizul
 40694 | Spider:4 | Entered Level 4 of the Spider Nest
 40698 | Spider:4 | Reached skill level 5 in Stealth
 41243 | Spider:4 | Reached skill level 10 in Fighting
 41971 | Spider:4 | Received a gift from Okawaru
 43329 | Spider:4 | Got a gossamer rune of Zot
 44159 | Swamp:1  | Entered Level 1 of the Swamp
 44668 | Swamp:1  | Found a runed translucent gate.
 44668 | Swamp:1  | Found a runed translucent gate.
 44668 | Swamp:1  | Found a runed translucent gate.
 44673 | Swamp:1  | Noticed purpskrrrp's ghost (journeyman HODe)
 45077 | Swamp:2  | Reached skill level 10 in Evocations
 45264 | Swamp:2  | Found a transporter.
 45270 | Swamp:2  | Received a gift from Okawaru
 45271 | Swamp:2  | Found the +3 warlock's mirror {reflect}
 45336 | Swamp:2  | Noticed quinnr's ghost (adept TeAE)
 45604 | Swamp:2  | Found a transporter.
 45619 | Swamp:2  | Noticed Frances
 45633 | Swamp:2  | Killed Frances
 46144 | Swamp:3  | Gained mutation: You regenerate health from kills. [demonic
                  | ancestry]
 46144 | Swamp:3  | Reached XP level 18. HP: 127/142 MP: 31/31
 47186 | Swamp:4  | Entered Level 4 of the Swamp
 48247 | Swamp:4  | Noticed a bone dragon
 48296 | Swamp:4  | Identified the +1 cloak of the Planets {rElec rPois}
                  | (Okawaru gifted it to you on level 4 of the Swamp)
 48296 | Swamp:4  | Received a gift from Okawaru
 48307 | Swamp:4  | Killed a bone dragon
 48308 | Swamp:4  | Reached skill level 15 in Fighting
 48341 | Swamp:4  | Got a decaying rune of Zot
 48621 | Swamp:4  | Reached skill level 10 in Spellcasting
 48916 | Elf:1    | Entered Level 1 of the Elven Halls
 49074 | Elf:1    | Found Uratsast's Distillery.
 49275 | Elf:1    | Bought a potion of magic for 88 gold pieces
 49275 | Elf:1    | Bought a potion of heal wounds for 55 gold pieces
 49275 | Elf:1    | Bought a potion of curing for 33 gold pieces
 49275 | Elf:1    | Bought a potion of heal wounds for 55 gold pieces
 49498 | Elf:1    | Got Cerebov's Catalogue of Conjuration
 49539 | Elf:1    | Identified the +6 chain mail of Abuilud {rF+ rC+ Int+4
                  | Dex-5} (Okawaru gifted it to you on level 1 of the Elven
                  | Halls)
 49539 | Elf:1    | Received a gift from Okawaru
 49856 | Elf:1    | Identified the +1 robe of the Devil's Advocate {rPois}
 49865 | Elf:1    | Reached skill level 5 in Dodging
 49924 | Elf:1    | Reached XP level 19. HP: 125/155 MP: 35/35
 50477 | Elf:2    | Found a runed translucent gate.
 50503 | Elf:2    | Identified Roxanne's Grimoire of Moulding
 50503 | Elf:2    | Noticed Roxanne
 50763 | Elf:2    | Killed Roxanne
 51066 | Elf:2    | Found a runed translucent gate.
 51067 | Elf:2    | Found a runed translucent gate.
 51273 | Elf:3    | Entered Level 3 of the Elven Halls
 51317 | Elf:3    | Paralysed by an air elemental for 1 turns
 51333 | Elf:3    | Paralysed by an air elemental for 1 turns
 51552 | Elf:3    | Noticed Mara
 51570 | Elf:3    | Killed Mara
 51589 | Elf:3    | Found Koafauv's Jewellery Shop.
 51593 | Elf:3    | Identified the +2 pair of boots of Okawaru's Regard {rCorr}
                  | (Okawaru gifted it to you on level 3 of the Elven Halls)
 51593 | Elf:3    | Received a gift from Okawaru
 51628 | Elf:3    | Found Nogewysm's Distillery.
 51630 | Elf:3    | Found Isheykiv's Armour Shop.
 51660 | Elf:3    | Bought a potion of heal wounds for 70 gold pieces
 51660 | Elf:3    | Bought a potion of heal wounds for 70 gold pieces
 51660 | Elf:3    | Bought 2 potions of curing for 84 gold pieces
 51711 | Elf:3    | Identified the +2 leather armour of the Cockroach {rN+}
 51872 | Elf:3    | Identified the +10 halberd "Kiggunut" {elec, Drain Int+4
                  | Dex+5}
 51875 | Elf:3    | Noticed a Tzitzimitl
 52079 | Elf:3    | Reached skill level 10 in Dodging
 52172 | Elf:3    | Identified the +3 whip of Plunder {vorpal, rPois Str+4}
 52340 | Elf:3    | Identified the +9 mace of Ofyiselo {freeze, Str+4 Int+3}
 52374 | Abyss:2  | Cast into level 2 of the Abyss (a deep elf demonologist)
 52557 | Abyss:2  | Found an opulent altar of Gozag.
 52764 | Abyss:2  | Noticed a bone dragon
 52825 | Abyss:2  | Killed a bone dragon
 53058 | Elf:3    | Escaped the Abyss
 53068 | Elf:3    | Identified the +9 falchion "Olios" {venom, rElec}
 53198 | Elf:3    | Identified the +4 quarterstaff of Gehenna {pain, +Blink
                  | rPois Str-4 Dex+2}
 53475 | Elf:3    | Learned a level 4 spell: Airstrike
 54031 | Vaults:1 | Entered Level 1 of the Vaults
 54172 | Vaults:1 | Gained mutation: Your hexes are more powerful. [demonic
                  | ancestry]
 54172 | Vaults:1 | Reached XP level 20. HP: 162/162 MP: 36/36
 54184 | Vaults:1 | Identified the +1 pair of gloves of the Trout {Int+2}
                  | (Okawaru gifted it to you on level 1 of the Vaults)
 54184 | Vaults:1 | Received a gift from Okawaru
 54652 | Vaults:1 | Reached skill level 10 in Earth Magic
 54908 | Vaults:1 | Reached skill level 1 in Ranged Weapons
 55468 | Vaults:1 | Found Ugacaor's Armour Shop.
 55841 | Vaults:1 | Reached skill level 5 in Ranged Weapons
 55984 | Vaults:1 | Upgraded the game from 0.29-a0-802-g34511f41fd to
                  | 0.29-a0-813-g4a14ea37d6
 55988 | Vaults:1 | Learned a level 3 spell: Mephitic Cloud
 55992 | Vaults:1 | Learned a level 3 spell: Swiftness
 56213 | Orc:2    | Bought Great Wizards, Vol. II for 494 gold pieces
 56219 | Orc:2    | Learned a level 5 spell: Borgnjor's Vile Clutch
 56596 | Vaults:2 | Reached skill level 1 in Necromancy
 56714 | Vaults:2 | Found a staircase to the Crypt.
 56730 | Vaults:2 | Learned a level 5 spell: Lee's Rapid Deconstruction
 56778 | Vaults:2 | Identified the +7 quarterstaff "Aroloper" {freeze, rF++}
 57147 | Vaults:2 | Identified the +0 pair of gloves "Cusheaph" {rCorr}
                  | (Okawaru gifted it to you on level 2 of the Vaults)
 57147 | Vaults:2 | Received a gift from Okawaru
 57216 | Vaults:2 | Reached skill level 5 in Necromancy
 57819 | Vaults:2 | Found a transporter.
 57858 | Vaults:2 | Found a transporter.
 58136 | Vaults:2 | Reached skill level 10 in Ranged Weapons
 58561 | Vaults:3 | Gained mutation: You regenerate a lot of health from kills.
                  | [demonic ancestry]
 58561 | Vaults:3 | Reached XP level 21. HP: 168/168 MP: 32/37
 58782 | Vaults:3 | Reached skill level 10 in Air Magic
 60543 | Vaults:4 | Received a gift from Okawaru
 61574 | Vaults:5 | Entered Level 5 of the Vaults
 61757 | Vaults:5 | Noticed a dread lich
 61759 | Vaults:5 | Noticed a dread lich
 61759 | Vaults:5 | Noticed Frederick
 61786 | Vaults:5 | Noticed a golden dragon
 61983 | Vaults:5 | Reached skill level 10 in Necromancy
 61983 | Vaults:5 | Noticed a dread lich
 61996 | Vaults:5 | Killed a dread lich
 62769 | Vaults:5 | Noticed a golden dragon
 63129 | Vaults:5 | Found Bozef's Antique Weapon Emporium.
 63340 | Vaults:5 | Gained mutation: Your melee attacks may debilitate your
                  | foes. [demonic ancestry]
 63340 | Vaults:5 | Reached XP level 22. HP: 175/175 MP: 36/38
 63480 | Vaults:5 | Received a gift from Okawaru
 63767 | Vaults:5 | Noticed Mennas
 64098 | Vaults:5 | Killed a golden dragon
 64572 | Vaults:5 | Killed a dread lich
 64698 | Vaults:5 | Reached skill level 15 in Evocations
 65079 | Vaults:5 | Got the Grimoire of the Evil Entourage
 65099 | Vaults:5 | Killed a golden dragon
 65100 | Vaults:5 | Reached skill level 1 in Poison Magic
 65138 | Vaults:5 | Paralysed by a dread lich for 2 turns
 65144 | Vaults:5 | HP: 4/175 [Mennas/+5 sacred scourge of holy wrath (5)]
 65144 | Vaults:5 | Slain by a vault guard

Illustrated notes

Levels and vault maps discovered:
D:1:      minmay_arrival_doors, layout_basic, minmay_small_reverse_x
D:2:      minmay_spotlight, layout_loops_ring
D:3:      layout_rooms, overflow_temple_1_default,
          hellmonk_ecumenical_altar_run_dry, hex_intersection
D:4:      layout_rooms
D:5:      layout_layer_cave, serial_shops, nicolae_shop_bloodbath_and_beyond,
          serial_bayou, serial_bayou_shore_a, serial_bayou_lagoon_a,
          serial_bayou_pond_d, serial_bayou_crossing, gup_sewer_entry_spiral
D:6:      layout_loops_ring, minmay_temple_entry_stoned_glass, serial_shops,
          shop
D:7:      layout_loops_cross
D:8:      minmay_clustersquares, layout_cave_pools, dpeg_lair_monsters,
          uniq_gastronok, uniq_grum
D:9:      layout_small_grid, kennysheep_generic_room_13
D:10:     layout_loops_ring, orc_0_dummy, enter_bailey_3, minmay_checkerbox
D:11:     minmay_octagon_keep, layout_basic, uniq_psyche
D:12:     layout_basic, portal_ice_cave_demonic_guard
D:13:     layout_small_grid, minmay_three_doors
D:14:     layout_stronghold, david_vaults_5, kennysheep_opposing_triangles
D:15:     grunt_enter_depths_giant_problem, layout_rooms,
          roderic_lattice_octagonal_star, hellmonk_ghost_happy_afterlife
Lair:1:   layout_cave_pods, lemuel_fruit_fields, uniq_sonja
Lair:2:   layout_misc_corridors
Lair:3:   nzn_winding_woodlands_three_and_one
          [nzn_winding_woodlands_5x15_parted,
          nzn_winding_woodlands_5x15_sawtooth,
          nzn_winding_woodlands_5x15_garden,
          nzn_winding_woodlands_center_garden], layout_regular_city,
          minmay_swamp_entry_worms, basic_altar, serial_bayou_shore_b
Lair:4:   layout_regular_city, nicolae_spider_entry_tight_spaces,
          grunt_forest_small_clearings, chequers_serial_rivers_small_b,
          lemuel_fruit_tree, infiniplex_staircase_pool, uniq_rupert
Lair:5:   regret_index_bee_streams, layout_small_grid,
          ebering_ghost_funeral_grove
Lair:6:   evilmike_catoblepas_cave, layout_misc_corridors,
          minmay_slime_entry_oklob_enclosed, minivault_19, st_stairs_9,
          serial_bayou_pond_c, nicolae_lair_lakeside_cave
Swamp:1:  layout_basic_swamp, gammafunk_ghost_necromancy,
          evilmike_swamp_ruin_house_4, swamp_pool3
Swamp:2:  layout_falls_marsh, gammafunk_ghost_mausoleum,
          evilmike_swamp_ruin_wall, swamp_pool3, uniq_frances
Swamp:3:  layout_basic_swamp, serial_swamp_ruin, evilmike_swamp_ruin_rubble_1,
          evilmike_swamp_ruin_house_2, evilmike_swamp_ruin_house_5, swamp_pool1,
          hangedman_swamp_phenomena
Swamp:4:  swamp_pestilence, layout_basic_swamp
Spider:1: layout_chambers
Spider:2: layout_spider_delve, uniq_jorgrun
Spider:3: layout_cave_pods, uniq_aizul
Spider:4: grunt_spider_rune_parallel, nicolae_spider_stair_cavern
Orc:1:    layout_caves, gammafunk_ghost_berserking_beasts, nicolae_orc_rockfall,
          mumra_transporter_accident
Orc:2:    st_orc_ogre_mass, layout_diamond_mine, serial_shops,
          nicolae_shop_hallway_stairs, basic_altar, bloody_makhleb
Elf:1:    minmay_the_grid_octo_tiled_squarecenter_mashed
          [minmay_the_grid_octo_checkered, minmay_the_grid_octo_horde,
          minmay_the_grid_octo_fan_narrow, minmay_the_grid_octo_clover_2,
          minmay_the_grid_square_5x5_megaprize_checkered,
          minmay_the_grid_square_5x5_checkered,
          minmay_the_grid_square_5x5_half_checkered,
          minmay_the_grid_square_5x5_tetrominoes, minmay_the_grid_square_5x5_z],
          layout_rooms, serial_shops, shop_coins, minmay_elf_annihilation
Elf:2:    elven_hall_of_blades_hangedman_original [mumra_blade_entry_bloodbath],
          layout_loops_cross, st_stairs_14, uniq_roxanne
Elf:3:    grunt_elf_hall_branching, layout_loops_cross, st_stairs_9,
          small_chamber_with_monster, minmay_shop_star, uniq_mara
Vaults:1: hangedman_vaults_stitches, ontoclasm_vaults_gateway, v_misc_10,
          ontoclasm_vaults_bender, v_pattern_5, ontoclasm_vaults_misaligned,
          v_alt_pattern_2, grunt_vaults_funnel, vaults_room_semicircle,
          vaults_dpeg_ring, dpeg_vaults_monster_box, v_alt_pattern_4,
          vaults_dpeg_cross, layout_vaults_chaotic_city
Vaults:2: minmay_crypt_entry_simple_box, gammafunk_its_a_trap,
          nicolae_vaults_network_periphery, hangedman_vaults_river_flow,
          nicolae_vaults_stairing_the_circle, v_misc_1, vaults_mumra_lcd,
          nicolae_vaults_specimen_jars, nicolae_vaults_yaktaur_gun_rack,
          nicolae_vaults_gold_heap, layout_vaults_omnibox
Vaults:3: vaults_room_pool, nicolae_vaults_three_branches,
          nicolae_vaults_puzzle_piece, v_misc_29, ontoclasm_vaults_pinch,
          nicolae_vaults_shelves_hall, ontoclasm_vaults_ring_square,
          nicolae_vaults_angled_halls, ontoclasm_vaults_chip,
          vaults_standard_mumra_lines, layout_vaults_maze
Vaults:4: v_rooms_4, nicolae_vaults_big_ls, v_alt_pattern_3,
          nicolae_vaults_alarming, nicolae_vaults_little_squares_1,
          hangedman_vaults_trim, v_misc_22, layout_vaults_omnigrid
Vaults:5: uniq_frederick, uniq_mennas

Skill      XL: |  1  2  3  4  5  6  7  8  9 10 11 12 13 14 15 16 17 18 19 20 21 22 |
---------------+-------------------------------------------------------------------+-----
Stealth        | 2 4 5 |  5.0
Dodging        | 2 5 10 | 10.0
Ice Magic      | 4 5 6 8 9 10 | 10.0
Spellcasting   | 3 4 5 6 7 9 12 | 12.1
Invocations    | 2 4 6 9 12 14 16 | 16.1
Short Blades   | 2 5 7 9 11 12 13 14 | 14.0
Shields        | 1 4 |  4.0
Fighting       | 6 9 12 15 | 15.0
Conjurations   | 5 9 10 | 10.0
Earth Magic    | 2 5 9 10 | 10.0
Air Magic      | 2 5 9 10 | 10.0
Translocations | 1 5 7 |  7.5
Armour         | 1 6 |  6.0
Evocations     | 6 10 12 15 | 15.3
Ranged Weapons | 10 12 | 12.6
Necromancy     | 5 10 | 10.0
Poison Magic   | 1 |  1.7

Action                   |  1- 3 |  4- 6 |  7- 9 | 10-12 | 13-15 | 16-18 | 19-21 | 22-24 || total
-------------------------+-------+-------+-------+-------+-------+-------+-------+-------++-------
Melee: Dagger            |    28 |       |       |       |       |       |       |       ||    28
       Unarmed           |     1 |       |       |       |       |       |       |       ||     1
       Short sword       |     5 |    77 |   311 |   826 |  1444 |       |       |       ||  2663
       Punch             |       |     1 |     5 |     7 |       |       |     4 |       ||    17
       Headbutt          |       |       |       |    75 |   623 |   548 |   660 |   170 ||  2076
       Rapier            |       |       |       |       |   483 |  1856 |  1948 |   402 ||  4689
 Fire: Sling             |       |       |       |       |     2 |       |    37 |       ||    39
Throw: Dart              |       |       |     8 |     6 |       |     2 |       |       ||    16
       Throwing net      |       |       |       |     1 |       |     2 |     2 |       ||     5
 Cast: Freeze            |    59 |    64 |    47 |     7 |       |     1 |       |       ||   178
       Frozen Ramparts   |       |     4 |    15 |    32 |    55 |    20 |    11 |       ||   137
       Ozocubu's Armour  |       |       |     3 |     4 |     8 |     6 |       |       ||    21
       Dazzling Flash    |       |       |       |       |     6 |     1 |     5 |       ||    12
       Hailstorm         |       |       |       |       |     3 |    42 |    29 |     2 ||    76
       Iskenderun's Myst |       |       |       |       |     2 |    15 |    34 |       ||    51
       Static Discharge  |       |       |       |       |     1 |       |       |       ||     1
       Stone Arrow       |       |       |       |       |     5 |    17 |    24 |       ||    46
       Lee's Rapid Decon |       |       |       |       |       |       |    22 |       ||    22
       Mephitic Cloud    |       |       |       |       |       |       |     7 |       ||     7
       Airstrike         |       |       |       |       |       |       |     9 |     9 ||    18
       Borgnjor's Vile C |       |       |       |       |       |       |     1 |     1 ||     2
Invok: Heroism           |       |       |     5 |     2 |    21 |    16 |    16 |     4 ||    64
       Finesse           |       |       |     1 |       |     6 |    11 |    13 |     3 ||    34
       Duel              |       |       |       |       |     3 |     1 |       |       ||     4
Evoke: Wand              |       |     2 |     2 |     7 |     6 |    29 |    16 |       ||    62
       Condenser vane    |       |       |       |     1 |     1 |     2 |     2 |       ||     6
       Tin of tremorston |       |       |       |       |       |     2 |     6 |       ||     8
  Use: Scroll            |       |     6 |    18 |     6 |    10 |    16 |    20 |     2 ||    78
       Potion            |       |     5 |     1 |     3 |       |     8 |    12 |     4 ||    33
 Stab: Sleeping          |     4 |     1 |     4 |     3 |     7 |    13 |    17 |     2 ||    51
       Distracted        |       |       |       |     1 |     2 |     1 |    10 |     6 ||    20
       Invisible         |       |       |       |     2 |     5 |       |     5 |       ||    12
       Confused          |       |       |       |     1 |       |       |     4 |       ||     5
       Paralysed         |       |       |       |       |       |     2 |     1 |       ||     3
       Held in net/web   |       |       |       |       |       |     1 |       |       ||     1
Armor: Robe              |    25 |    60 |   119 |   213 |   260 |       |       |       ||   677
       Skin              |       |    20 |     1 |       |       |       |       |       ||    21
       Ring mail         |       |       |       |       |   265 |   818 |   465 |   135 ||  1683
Dodge: Dodged            |    51 |    93 |   187 |   240 |   451 |   512 |   685 |   184 ||  2403
Block: Buckler           |       |       |       |    99 |   569 |   847 |   757 |   248 ||  2520
       Reflection        |       |       |       |     1 |    14 |    73 |   119 |    31 ||   238
       Other             |       |       |       |       |       |       |    22 |       ||    22

Table legend: (Time is in decaauts)
 A = Elapsed time spent in this place.
 B = Non-inter-level travel time spent in this place.
 C = Inter-level travel time spent in this place.
 D = Time resting spent in this place.
 E = Time spent auto-exploring this place.
 F = Levels seen in this place.
 G = Mean time per level.
                   A        B        C        D        E       F      G
               +--------+--------+--------+--------+--------+-----+--------+
         Total |  64182 |  60749 |   3433 |  20619 |  20713 |  47 | 1365.6 |
       Dungeon |  21214 |  19723 |   1491 |   7399 |   7805 |  15 | 1414.3 |
          Lair |  11926 |  11038 |    888 |   3597 |   4477 |   6 | 1987.7 |
         Swamp |   4456 |   4292 |    164 |   1451 |   1277 |   4 | 1114.0 |
   Spider Nest |   7611 |   7413 |    198 |   2683 |   2411 |   4 | 1902.8 |
  Orcish Mines |   1694 |   1429 |    265 |    323 |    533 |   2 |  847.0 |
   Elven Halls |   4223 |   4096 |    127 |    807 |   1051 |   3 | 1407.7 |
        Vaults |  10525 |  10227 |    298 |   3544 |   2932 |   5 | 2105.0 |
         Abyss |    670 |    670 |      0 |    257 |      0 |   1 |  670.0 |
         Sewer |    483 |    483 |      0 |    103 |     47 |   1 |  483.0 |
        Bailey |    492 |    492 |      0 |    129 |     47 |   1 |  492.0 |
      Ice Cave |    773 |    773 |      0 |    260 |    131 |   1 |  773.0 |
         Arena |    109 |    109 |      0 |     59 |      0 |   4 |   27.2 |
               +--------+--------+--------+--------+--------+-----+--------+

Top non-repeatable levels by time:
     D:7: 3596 daAuts
Spider:4: 2953 daAuts
Vaults:4: 2812 daAuts
  Lair:1: 2576 daAuts
     D:1: 2518 daAuts
  Lair:3: 2320 daAuts
  Lair:6: 2224 daAuts
Vaults:1: 2105 daAuts
Vaults:5: 2040 daAuts
Vaults:2: 1967 daAuts
Spider:1: 1916 daAuts
     D:8: 1864 daAuts
  Lair:5: 1808 daAuts
     D:2: 1791 daAuts
Spider:3: 1618 daAuts
